AoeStats
← bkg45

Fortress

507859229Analyzed
4v4 RM · 13d ago on Sep 20, 2026· 35m 42s· 8 players
Game mode
Random Map
Map size
Huge
Population
200
Speed
Normal
Resources
Standard
Victory
Conquest
Starting age
Dark Age
Ending age
Imperial Age
RankedLock teamsTeams togetherTeam positionsShared explorationLock speedFull tech treeHidden civsTurbo modeCheats
Victory
Defeat
🇦🇷 Goths · Argentina
1380
+12
🇺🇸 Burmese · United States
1377
+12
🇺🇸 Mongols · United States
1367
+12
🇦🇷 Khmer · Argentina
1345
+13
🇺🇸 Persians · United States
1314
-13
🇮🇹 Goths · Italy
1282
-12
🇨🇦 Huns · Canada
1275
-12
🇺🇸 Wei · United States
1268
-12
Reynald AoE
6:57 Feudal Age
10:06 Castle Age
8:33 Double-Bit Axe
8:33 Horse Collar
11:57 Bow Saw
16:24 Heavy Plow
18:02 Loom
23:39 Stone Mining
23:40 Gold Mining
24:28 Wheelbarrow
23:39 Town Watch
24:26 Ballistics
27:17 Imperial Age
25:31 Hand Cart
25:16 Town Patrol
26:43 Bloodlines
26:33 Husbandry
27:23 Elite Battle Elephant
28:09 Scale Barding Armor
28:15 Forging
30:09 Gold Shaft Mining
30:10 Stone Shaft Mining
30:06 Chain Barding Armor
30:22 Iron Casting
30:12 Tusk Swords
31:42 Plate Barding Armor
31:29 Conscription
32:25 Fortified Wall
32:26 Masonry
33:29 Blast Furnace
33:59 Fletching
Lexa
6:31 Loom
8:17 Feudal Age
10:07 Double-Bit Axe
10:08 Horse Collar
13:01 Castle Age
14:14 Bow Saw
15:45 Heavy Plow
20:02 Masonry
20:08 Crossbowman
20:46 Fletching
21:50 Bodkin Arrow
22:06 Forging
21:56 Scale Mail Armor
25:21 Iron Casting
26:26 Chain Mail Armor
29:55 Squires
30:52 Caravan
37:04 Imperial Age
35:44 Anarchy
genghis bong
6:32 Feudal Age
6:40 Feudal Age
11:14 Castle Age
9:58 Double-Bit Axe
9:56 Horse Collar
12:16 Bow Saw
18:12 Heavy Plow
19:36 Wheelbarrow
18:47 Loom
18:48 Town Watch
20:20 Fletching
21:33 Bodkin Arrow
22:16 Padded Archer Armor
26:05 Imperial Age
24:02 Husbandry
24:32 Bloodlines
23:43 Light Cavalry
24:24 Stone Mining
24:25 Gold Mining
26:12 Leather Archer Armor
26:52 Bracer
27:37 Conscription
28:03 Parthian Tactics
28:27 Scale Barding Armor
28:33 Forging
30:02 Chain Barding Armor
31:16 Chemistry
31:18 Iron Casting
31:40 Elite Mangudai
33:22 Blast Furnace
32:03 Hussar
33:53 Ballistics
33:05 Elite Steppe Lancer
35:22 Thumb Ring
34:38 Heavy Cavalry Archer
Crawsack
7:56 Feudal Age
12:06 Castle Age
10:14 Horse Collar
14:00 Heavy Plow
17:25 Wheelbarrow
17:57 Gold Mining
18:37 Loom
18:38 Town Watch
20:39 Hand Cart
21:16 Stone Mining
22:10 Husbandry
22:21 Bloodlines
24:17 Gold Shaft Mining
27:53 Imperial Age
25:53 Pikeman
26:34 Squires
26:35 Scale Mail Armor
26:26 Fletching
26:38 Padded Archer Armor
27:16 Fervor
29:02 Conscription
28:10 Elite Arambai
28:36 Treadmill Crane
29:09 Masonry
29:34 Parthian Tactics
30:45 Halberdier
31:40 Chain Mail Armor
31:22 Bodkin Arrow
32:32 Murder Holes
33:08 Architecture
32:59 Ballistics
33:11 Plate Mail Armor
33:25 Forging
34:43 Bracer
35:42 Iron Casting
Howie
7:35 Feudal Age
7:09 Loom
12:13 Castle Age
10:36 Double-Bit Axe
11:29 Horse Collar
17:44 Wheelbarrow
17:23 Loom
21:09 Hand Cart
20:44 Town Watch
21:53 Bow Saw
21:45 Gold Mining
25:23 Imperial Age
23:56 Gold Shaft Mining
24:14 Scale Barding Armor
24:20 Forging
25:05 Husbandry
25:16 Bloodlines
26:13 Chain Barding Armor
26:29 Iron Casting
25:57 Stone Mining
26:48 Conscription
26:48 Heavy Plow
27:31 Elite Tiger Cavalry
30:25 Blast Furnace
30:18 Ming Guang Armor
30:24 Ming Guang Armor
32:54 Fletching
32:42 Pikeman
33:22 Squires
33:08 Arson
33:25 Scale Mail Armor
34:42 Hoardings
34:46 Bodkin Arrow
34:18 Halberdier
FEMALE INCA VILLAGER
7:53 Feudal Age
12:54 Castle Age
11:08 Double-Bit Axe
11:15 Horse Collar
14:31 Bow Saw
17:00 Loom
18:38 Wheelbarrow
26:01 Imperial Age
26:44 Imperial Age
25:21 Hand Cart
24:52 Town Watch
25:24 Forging
25:19 Scale Barding Armor
26:01 Gold Mining
27:11 Iron Casting
26:49 Bloodlines
26:40 Husbandry
26:43 Marauders
27:45 Chain Barding Armor
27:02 Elite Tarkan
28:02 Conscription
29:34 Blast Furnace
30:16 Plate Barding Armor
29:45 Fletching
30:10 Heavy Cavalry Archer
30:55 Thumb Ring
32:36 Parthian Tactics
32:29 Bodkin Arrow
32:35 Padded Archer Armor
33:34 Ballistics
34:15 Chemistry
34:08 Caravan
MLT | Bombad Gastald
9:28 Feudal Age
13:37 Castle Age
11:52 Double-Bit Axe
12:18 Horse Collar
12:02 Man-at-Arms
14:31 Bow Saw
13:50 Long Swordsman
19:10 Forging
19:02 Squires
21:37 Pikeman
23:42 Gold Mining
26:45 Loom
27:36 Wheelbarrow
bkg45
8:34 Feudal Age
12:26 Castle Age
10:28 Double-Bit Axe
11:06 Horse Collar
13:12 Bow Saw
13:03 Heavy Plow
14:48 Wheelbarrow
21:57 Hand Cart
22:06 Loom
22:07 Town Watch
23:02 Gold Mining
23:02 Stone Mining
27:03 Imperial Age
25:39 Scale Barding Armor
25:45 Forging
26:43 Chain Barding Armor
27:43 Conscription
28:00 Iron Casting
26:50 Elite War Elephant
28:27 Caravan
29:20 Plate Barding Armor
30:33 Blast Furnace
31:47 Husbandry
32:04 Bloodlines
Connection lost

Rejoining the realm…

Still unreachable

The connection could not be restored.

Session expired

The server has moved on; the page needs a fresh start.